 Dungeon Sprint DCSS version 0.30-a0-210-g01b79a254e (webtiles) character file.

Game seed: 16872647867770244064

116 wilfster70 the Chopper (level 5, -1/54 HPs)
             Began as a Gargoyle Fighter on Oct 4, 2022.
             Slain by an ogre
             ... wielding a +0 giant club
              (7 damage)
             ... in the Dungeon (Sprint IX: "|||||||||||||||||||||||||||||").
             The game lasted 00:00:31 (45 turns).

wilfster70 the Chopper (Gargoyle Fighter)             Turns: 45, Time: 00:00:31

Health: -1/54      AC: 11    Str: 22    XL:     5   Next: 0%
Magic:  5/5        EV:  9    Int:  8    God:
Gold:   0          SH:  4    Dex:  9    Spells: 4/4 levels left

rFire   . . .      SeeInvis .    a - +0 war axe
rCold   . . .      Faith    .    c - +0 buckler
rNeg    + . .      Spirit   .    b - +0 scale mail
rPois   ∞          Reflect  .    (no helmet)
rElec   +          Harm     .    (no cloak)
rCorr   .          Rampage  .    (no gloves)
Will    .....      NoTele   +    (no boots)
Stlth   ..........               (no amulet)
HPRegen 0.29/turn                (no ring)
MPRegen 0.09/turn                (no ring)

@: berserking (expiring), very quick
A: sickness immunity, AC +4, negative energy resistance 1, electricity
resistance, torment resistance 1, petrification resistance
a: no special abilities


You were in the Dungeon.
You visited 1 branch

Inventory:

Hand Weapons
 a - a +0 war axe (weapon)
Armour
 b - a +0 scale mail (worn)
 c - a +0 buckler (worn)
Scrolls
 j - a scroll of blinking
Potions
 d - a potion of might
 e - a potion of curing
 f - a potion of heal wounds
 g - a potion of haste
 h - 2 potions of magic


   Skills:
 + Level 5.9 Fighting
 * Level 6.1 Axes
 + Level 5.9 Armour
 - Level 4.0 Shields


You had 4 spell levels left.
You didn't know any spells.
Your spell library was empty.

Dungeon Overview and Level Annotations

Branches:
Dungeon (1/1)

Altars:


Innate Abilities, Weirdness & Mutations

You are immune to sickness and miasma.
Your stone body is resilient. (AC +4)
You are immune to poison.
You resist negative energy. (rN+)
You are resistant to electric shocks. (rElec)
You are resistant to unholy torment.
You are immune to petrification.


Message History

You slash the water moccasin!
The water moccasin is heavily wounded.
The water moccasin bites you.
* * * LOW HITPOINT WARNING * * *
You miss the water moccasin.
The water moccasin is heavily wounded.
You block the water moccasin's attack.
You miss the water moccasin.
The water moccasin is heavily wounded.
The water moccasin bites you.
* * * LOW HITPOINT WARNING * * *
The water moccasin closely misses you.
You closely miss the water moccasin.
The water moccasin is heavily wounded.
The water moccasin bites you but does no damage.
You closely miss the water moccasin.
The water moccasin is heavily wounded.
You block the water moccasin's attack.
You miss the water moccasin.
The water moccasin is heavily wounded.
The water moccasin closely misses you. x2
You slash the water moccasin!
You kill the water moccasin!
Training target 4.0 for Shields reached!
Your Fighting skill gained 2 levels and is now at level 5!
Your Axes skill gained 4 levels and is now at level 6!
Your Armour skill gained 2 levels and is now at level 5!
Your Shields skill increases to level 4!
You have reached level 2!
You have reached level 3!
Your experience leads to an increase in your attributes!
Increase (S)trength, (I)ntelligence, or (D)exterity?
You feel stronger. x2
You have reached level 4!
You feel stronger.
You have reached level 5!
You hit the ogre.
The ogre is lightly wounded.
The ogre hits you with a +0 giant club!
You die...

▓.▓
▓.▓
▓.▓
▓)▓
▓.▓
▓.▓
▓.▓
▓.▓
▓@▓
▓O▓
▓s▓
▓.▓
▓g▓
▓5▓
▓.▓
▓+▓


You could see an ogre, a scorpion, a gnoll and a shadow imp.

Vanquished Creatures
  A water moccasin (D)
  An endoplasm (D)
  A quokka (D)
  2 frilled lizards (D)
  A goblin (D)
6 creatures vanquished.

Notes
Turn   | Place    | Note
-------+----------+-------------------------------------------
     0 | D        | wilfster70 the Gargoyle Fighter began the quest for the
                  | Orb.
     0 | D        | Reached XP level 1. HP: 14/14 MP: 1/1
     5 | D        | Reached skill level 2 in Axes
    35 | D        | Noticed a water moccasin
    35 | D        | Noticed an ogre
    35 | D        | Noticed a scorpion
    40 | D        | HP: 1/22 [water moccasin (4)]
    44 | D        | Killed a water moccasin
    45 | D        | Reached skill level 5 in Fighting
    45 | D        | Reached skill level 6 in Axes
    45 | D        | Reached skill level 5 in Armour
    45 | D        | Reached XP level 2. HP: 3/22 MP: 2/2
    45 | D        | Reached XP level 3. HP: 4/27 MP: 3/3
    45 | D        | Reached XP level 4. HP: 5/32 MP: 4/4
    45 | D        | Reached XP level 5. HP: 6/36 MP: 5/5
    45 | D        | Slain by an ogre

Illustrated notes

Levels and vault maps discovered:
D:        linesprint [early_d, line_temple, items_1, d_10, items_2, lair_1,
          lair_end, items_3, orc_1, orc_end, items_4, d_15, swamp_1, shoals_1,
          snake_1, spider_1, d_20, vaults_1, items_5, swamp_end, shoals_end,
          snake_end, spider_end, vaults_end, d_27, items_6, zot_1, zot_end,
          crypt_end, forest_end, elf_end, slime_end, tomb_end, abyss_end,
          pan_hell_end]

Skill      XL: |  1 |
---------------+----+-----
Axes           | 6 |  6.1
Fighting       | 5 |  5.9
Armour         | 5 |  5.9
Shields        | 4 |  4.0

Action                   |  1- 3 |  4- 6 || total
-------------------------+-------+-------++-------
Melee: War axe           |    19 |     1 ||    20
  Use: Potion            |     1 |       ||     1
Armor: Scale mail        |     7 |       ||     7
Dodge: Dodged            |     4 |       ||     4
Block: Buckler           |     4 |       ||     4

Table legend: (Time is in decaauts)
 A = Elapsed time spent in this place.
 B = Non-inter-level travel time spent in this place.
 C = Inter-level travel time spent in this place.
 D = Time resting spent in this place.
 E = Time spent auto-exploring this place.
 F = Levels seen in this place.
 G = Mean time per level.
                   A        B        C        D        E       F      G
               +--------+--------+--------+--------+--------+-----+--------+
         Total |     49 |     49 |      0 |     14 |      0 |   1 |   49.0 |
       Dungeon |     49 |     49 |      0 |     14 |      0 |   1 |   49.0 |
               +--------+--------+--------+--------+--------+-----+--------+

Top non-repeatable levels by time:
       D: 49 daAuts
